 Dungeon Crawl Stone Soup version 0.27.0-1-g7a089689b8 (webtiles) character file.

Game seed: 1166978583607443238

3683 inmateoo the Fighter (level 9, -4/84 HPs)
             Began as a Grey Draconian Wanderer on Aug 1, 2021.
             Was an Initiate of Cheibriados.
             Slain by a two-headed ogre (23 damage)
             ... on level 8 of the Dungeon.
             The game lasted 00:13:08 (9145 turns).

inmateoo the Fighter (Grey Draconian Wanderer)      Turns: 9145, Time: 00:13:08

Health: -4/84      AC: 13    Str: 13    XL:     9   Next: 90%
Magic:  15/15      EV: 14    Int: 21    God:    Cheibriados [......]
Gold:   380        SH:  0    Dex: 10    Spells: 16/16 levels left

rFire    . . .     SeeInvis .   n - +0 short sword (elec)
rCold    . . .     Faith    .   (no shield)
rNeg     . . .     Spirit   .   (armour unavailable)
rPois    .         Reflect  .   (helmet restricted)
rElec    .         Harm     .   h - scarf {repulsion}
rCorr    .         Rampage  .   q - +0 pair of gloves
Will     .....                  (no boots)
Stlth    +.........             (no amulet)
HPRegen  0.24/turn              (no ring)
MPRegen  0.14/turn              (no ring)

@: repel missiles, very slow
A: AC +12, amphibious, unfitting armour, cold-blooded
a: Renounce Religion, Bend Time


You were on level 8 of the Dungeon.
You worshipped Cheibriados.
Cheibriados was noncommittal.
You visited 2 branches of the dungeon, and saw 9 of its levels.

You collected 380 gold pieces.

Inventory:

Hand Weapons
 a - a +0 hunting sling of freezing
 n - a +0 short sword of electrocution (weapon)
 t - a +7 dagger of venom
Missiles
 c - 59 sling bullets
 f - 218 stones
Armour
 h - a scarf of repulsion (worn)
 q - a +0 pair of gloves (worn)
Jewellery
 s - a ring of fire
Wands
 b - a wand of flame (6) (quivered)
 m - a wand of polymorph (1)
 r - a wand of digging (7)
Scrolls
 o - a scroll of magic mapping {unknown}
 v - a scroll of blinking
Potions
 d - 2 potions of curing
 e - 2 potions of attraction {unknown}
 g - a potion of brilliance {unknown}
 i - a potion of magic {unknown}
 j - 2 potions of resistance {unknown}
 k - 2 potions of mutation
 l - a potion of heal wounds {unknown}
 p - a potion of might
 u - a potion of haste


   Skills:
 + Level 9.5 Fighting
 - Level 2.0(2.1) Axes
 - Level 1.0(1.6) Maces & Flails
 + Level 6.7 Dodging
 + Level 7.9 Unarmed Combat
 - Level 4.0 Spellcasting
 - Level 4.0 Evocations


You had 16 spell levels left.
You didn't know any spells.
Your spell library contained the following spells:

 Spells                   Type           Power      Damage    Failure   Level
 Apportation              Tloc           8%         N/A       12%         1
 Beastly Appendage        Tmut           8%         N/A       12%         1
 Pain                     Necr           16%        1d4       12%         1
 Wereblood                Tmut           4%         N/A       19%         2
 Spider Form              Tmut/Pois      2%         N/A       34%         3
 Agony                    Necr           4%         N/A       97%         5
 Alistair's Intoxication  Tmut/Pois      2%         N/A       97%         5
 Excruciating Wounds      Necr           2%         N/A       97%         5
 Invisibility             Hex            2%         N/A       100%        6


Dungeon Overview and Level Annotations

Branches:
Dungeon (8/15)             Temple (1/1) D:7
   Lair: D:8-11

Altars:
Cheibriados
Elyvilon
Fedhas
Gozag
Kikubaaqudgha
Makhleb
Nemelex Xobeh
Okawaru
Ru
Trog
Uskayaw
Vehumet
Wu Jian
Xom
Zin
The Shining One


Innate Abilities, Weirdness & Mutations

Your dull iron-grey scales are very hard. (AC +12)
You are amphibious.
You cannot fit into any form of body armour.
You are cold-blooded and may be slowed by cold attacks.


Message History

The two-headed ogre is moderately wounded.
Aiming: Throw Flame
Press: ? - help, Q - select action, (/) - cycle Shift-Dir - straight line, f/p - two-headed ogre
Aim: a two-headed ogre, wielding a +0 giant spiked club and a +0 giant club (moderately wounded, 86% to hit)
The puff of flame hits the two-headed ogre.
The two-headed ogre is moderately wounded.
You puncture the two-headed ogre!
The two-headed ogre is poisoned.
The two-headed ogre is heavily wounded.
The two-headed ogre closely misses you. x2
You completely miss the two-headed ogre.
The two-headed ogre is heavily wounded.
The two-headed ogre hits you but does no damage.
The two-headed ogre hits you with a +0 giant club!
Your +7 dagger of venom stops dripping with poison.
You hear the crackle of electricity.
n - a +0 short sword of electrocution (weapon)
You hit the two-headed ogre.
The two-headed ogre is heavily wounded.
The two-headed ogre hits you with a +0 giant spiked club!!
The two-headed ogre hits you with a +0 giant club.
You hit the two-headed ogre.
You tail-slap the two-headed ogre, but do no damage.
The two-headed ogre is heavily wounded.
The two-headed ogre hits you with a +0 giant spiked club!!
The two-headed ogre misses you.
You barely miss the two-headed ogre.
Your tail-slap misses the two-headed ogre.
The two-headed ogre is severely wounded.
The two-headed ogre hits you with a +0 giant spiked club!
The two-headed ogre closely misses you.
You hit the two-headed ogre but do no damage.
You tail-slap the two-headed ogre, but do no damage.
The two-headed ogre is severely wounded.
The two-headed ogre misses you.
The two-headed ogre hits you with a +0 giant club!
* * * LOW HITPOINT WARNING * * *
You barely miss the two-headed ogre.
The two-headed ogre is severely wounded.
The two-headed ogre hits you with a +0 giant spiked club!!
You die...

#.....# #...... #.....# #......
#.....# ##+#..# #.....# #.##..
#.....# #.##.. #)....# #.##..
≈≈........# #.....# #....>
≈.........########.....##########
...............O@......##........
.§..........#######.#####.#######
§...................# #.#......
≈§...............[..# #.#......
§...................# #.#######
....................#####...(....
..##.......................[.....
#.....(......................#
#.....###.......############.#


You could see a two-headed ogre (poisoned).

Vanquished Creatures
  Joseph (D:7)
  A wyvern (D:7)
  Eustachio (D:5)
  A fire bat (D:8)
  A steam dragon (D:8)
  2 vampire mosquitoes (D:6)
  A water moccasin (D:5)
  Duvessa (D:7)
  An orc warrior (D:6)
  An ice beast (D:6)
  A necrophage (D:5)
  An ogre (D:4)
  3 centaurs
  A lemure (D:4)
  A kobold brigand (D:6)
  2 bullfrogs
  A wyvern zombie (D:7)
  3 scorpions
  3 water moccasin skeletons
  7 wights
  4 howler monkeys
  A centaur zombie (D:6)
  4 hounds
  A jelly (D:5)
  A gnoll shaman (D:5)
  2 orc priests
  A centaur skeleton (D:7)
  An iguana (D:6)
  Jessica (D:2)
  2 orc wizards
  A killer bee zombie (D:6)
  5 gnolls
  11 adders
  A white imp (D:6)
  An ufetubus (D:6)
  2 worms
  2 dart slugs
  12 orcs
  10 endoplasms
  5 giant cockroaches
  10 goblins
  6 hobgoblins
  10 jackals
  9 kobolds
  4 quokkas
  9 ball pythons
  6 bats
  A frilled lizard (D:1)
  3 rats
160 creatures vanquished.

Vanquished Creatures (others)
  11 plants (D:3)
11 creatures vanquished.

Grand Total: 171 creatures vanquished

Notes
Turn   | Place    | Note
-------+----------+-------------------------------------------
     0 | D:1      | inmateoo the Draconian Wanderer began the quest for the
                  | Orb.
     0 | D:1      | inmateoo set off with the following items: a +0 hand axe, a
                  | wand of flame (15), a +0 mace
     0 | D:1      | Reached XP level 1. HP: 23/23 MP: 1/1
   476 | D:2      | Reached XP level 2. HP: 25/30 MP: 2/2
   686 | D:1      | Reached skill level 1 in Unarmed Combat
   788 | D:1      | Reached skill level 1 in Dodging
   794 | D:1      | Reached skill level 6 in Fighting
   837 | D:1      | Reached XP level 3. HP: 37/37 MP: 3/3
  1269 | D:2      | Reached XP level 4. HP: 35/44 MP: 4/4
  1269 | D:2      | Noticed Jessica
  1473 | D:2      | Killed Jessica
  1999 | D:1      | Reached XP level 5. HP: 49/51 MP: 5/5
  2389 | D:3      | Found a faded altar of an unknown god.
  2738 | D:3      | Reached skill level 7 in Fighting
  3212 | D:4      | Found a glowing golden altar of the Shining One.
  3250 | D:4      | Noticed an ogre
  3260 | D:4      | Noticed Grinder
  3261 | D:4      | Killed an ogre
  3262 | D:4      | Reached XP level 6. HP: 44/60 MP: 6/6
  3266 | D:4      | Paralysed by Grinder for 2 turns
  3604 | D:4      | Found a hide-covered altar of Uskayaw.
  3643 | D:5      | Entered Level 5 of the Dungeon
  3890 | D:4      | Noticed Eustachio
  3900 | D:5      | Killed Eustachio
  3901 | D:5      | Your scales start taking on a dull iron-grey colour.
  3901 | D:5      | Reached XP level 7. HP: 60/66 MP: 7/7
  4004 | D:5      | Reached skill level 5 in Unarmed Combat
  4036 | D:5      | Reached skill level 1 in Spellcasting
  4495 | D:5      | Reached XP level 8. HP: 73/73 MP: 8/10
  4940 | D:4      | Noticed Grinder
  4940 | D:4      | Grinder changed into Grinder the lemure
  4965 | D:4      | Killed Grinder the lemure
  5486 | D:4      | Found a glowing silver altar of Zin.
  5726 | D:4      | Found an ancient bone altar of Kikubaaqudgha.
  6114 | D:6      | Reached skill level 5 in Dodging
  6141 | D:6      | Reached skill level 8 in Fighting
  6556 | D:6      | Reached XP level 9. HP: 50/81 MP: 12/14
  7176 | D:7      | Noticed Duvessa
  7191 | D:7      | Noticed Dowan
  7206 | D:7      | Killed Duvessa
  7489 | D:7      | Noticed Dowan
  7489 | D:7      | Dowan changed into Dowan the worm
  7497 | D:7      | Killed Dowan the worm
  7511 | D:7      | Noticed Joseph
  7880 | D:7      | Killed Joseph
  8143 | D:7      | Found a staircase to the Ecumenical Temple.
  8177 | Temple   | Entered the Ecumenical Temple
  8201 | Temple   | Became a worshipper of Cheibriados the Contemplative
  8292 | D:7      | Reached skill level 9 in Fighting
  8355 | D:7      | Found an ornate altar of the Wu Jian Council.
  9130 | D:8      | Noticed a two-headed ogre
  9145 | D:8      | Slain by a two-headed ogre

Illustrated notes

Levels and vault maps discovered:
D:1:      sevenhm_arrival_forest_fort_large_4, layout_rooms,
          minmay_misc_feat_tower, skrybe_limestone_x
D:2:      layout_basic, uniq_jessica
D:3:      layout_rooms, hellmonk_ecumenical_altar_zigzags, serial_bayou,
          serial_bayou_lake_a, serial_bayou_pond_c, serial_bayou_pond_b,
          serial_bayou_lagoon_b
D:4:      layout_basic, lemuel_coloured_pillars_altar,
          mainiacjoe_overflow_catch_the_wave,
          nicolae_uskayaw_murder_on_the_dancefloor, hangedman_glass_teeth,
          uniq_grinder, uniq_eustachio
D:5:      layout_basic, serial_rivers, chequers_serial_rivers_small_3,
          chequers_serial_rivers_large_b, chequers_serial_rivers_micro_c,
          chequers_serial_rivers_micro_b
D:6:      layout_rooms
D:7:      layout_rooms, kennysheep_little_box, minmay_temple_entry_tees,
          uniq_joseph, uniq_duvessa
D:8:      layout_basic, nicolae_qazlal_general_emergency,
          minmay_misc_feat_four_crosses, uniq_grum
Temple:   eino_narrow_crystal_temple

Skill      XL: |  1  2  3  4  5  6  7  8  9 |
---------------+----------------------------+-----
Unarmed Combat | 1 2 3 4 5 6 7 |  7.9
Dodging        | 1 3 4 5 6 |  6.7
Fighting       | 6 7 8 9 |  9.5
Spellcasting   | 1 3 4 |  4.0
Evocations     | 4 |  4.0
Axes           | |  2.0
Maces & Flails | |  1.0

Action                   |  1- 3 |  4- 6 |  7- 9 || total
-------------------------+-------+-------+-------++-------
Melee: Unarmed           |    82 |    38 |   144 ||   264
       Tailslap          |     7 |    10 |    36 ||    53
       Short sword       |       |   107 |   211 ||   318
       Punch             |       |     1 |     2 ||     3
       Dagger            |       |       |    81 ||    81
 Fire: Hunting sling     |    78 |    84 |    38 ||   200
Evoke: Wand              |     1 |     4 |     7 ||    12
  Use: Scroll            |       |     6 |     6 ||    12
       Potion            |       |       |     4 ||     4
Armor: Skin              |    54 |    56 |   220 ||   330
Dodge: Dodged            |    57 |   126 |   337 ||   520
       Repelled          |       |       |     2 ||     2
